Map: Cactus Valley LE

Players

Player1 (Miso) - Winner!

  • Race: Terran Terran
  • Spawn Location: 5:00

HuShang

  • Race: Protoss Protoss
  • Spawn Location: 1:00

Event: LycanGTV LotV Beta Tournament 1

VOD

Have the link to the VOD?

Description

Time

  • Played on: April 2, 2015, 12:42 p.m.
  • Length: 7:56

All games in this series

Show
View Real Time Build Order
Export as new Build Order

Player1 Terran - Winner!

Build Orders:  

Get SALT Encoding   

  12  0:00  SCV  
  13  0:16  Supply Depot  
  13  0:18  SCV  
  14  0:34  SCV  
  15  0:38  Barracks  
  15  0:42  Refinery  
  15  0:46  SCV  
  16  0:58  SCV  
  17  1:07  Refinery  
  17  1:10  SCV  
  18  1:25  Orbital Command  
  18  1:26  Reaper  
  19  1:51  Factory  
  19  1:52  SCV  
  20  2:00  Barracks Reactor  
  20  2:04  SCV  
  21  2:16  SCV  
  21  2:17  Supply Depot  
  22  2:32  SCV  
  22  2:35  Command Center  
  23  2:37  Starport  
  23  2:42  Widow Mine  
  25  2:54  Marine x2  
  25  2:55  SCV  
  27  3:01  Supply Depot  
  27  3:07  SCV  
  27  3:11  Widow Mine  
  27  3:12  Marine  
  31  3:22  Medivac, Marine  
  34  3:27  SCV  
  34  3:31  Supply Depot  
  34  3:39  SCV  
  34  3:40  Widow Mine  
  37  3:43  Supply Depot  
  37  3:47  Barracks  
  37  3:51  SCV  
  37  3:53  Medivac  
  40  3:58  Barracks  
  41  4:04  Orbital Command  
  40  4:24  Widow Mine, Marine x2  
  36  4:25  Medivac  
  36  4:27  SCV  
  36  4:30  SCV  
  42  4:37  Barracks Tech Lab  
  40  4:39  SCV  
  40  4:42  SCV  
  42  4:46  Barracks Tech Lab, Marine x2  
  42  4:50  Engineering Bay  
  42  4:51  SCV  
  45  4:54  SCV  
  45  4:57  Factory Reactor  
  46  5:00  Marine  
  46  5:01  Stimpack  
  46  5:03  SCV  
  46  5:06  SCV  
  47  5:11  Marauder, Marine x2  
  51  5:15  SCV  
  51  5:18  SCV, Marauder  
  54  5:27  Barracks  
  51  5:30  SCV, Barracks  
  51  5:31  Refinery  
  51  5:32  Refinery  
  51  5:33  Marauder  
  51  5:34  Marine  
  55  5:36  Marine  
  55  5:37  SCV, Bunker  
  55  5:42  Marauder  
  59  5:46  SCV  
  59  5:49  SCV  
  59  5:51  Supply Depot  
  59  5:52  Terran Infantry Weapons Level 1  
  59  5:59  Medivac  
  62  6:04  SCV x2  
  61  6:15  Medivac  
  61  6:16  SCV x2  
  61  6:17  Barracks Tech Lab  
  65  6:18  Marine  
  65  6:19  Marine  
  65  6:21  Marine x2  
  65  6:23  Barracks Reactor  
  67  6:26  Supply Depot  
  67  6:27  Supply Depot  
  67  6:30  SCV x2, Supply Depot  
  69  6:36  Marauder  
  69  6:39  Medivac, Marauder  
  75  6:45  Command Center  
  75  6:49  Supply Depot, Marine  
  75  6:52  Marine x2  
  78  6:57  Marauder  
  80  7:02  Marine x2  
  80  7:03  Marauder  
  84  7:09  Marine  
  84  7:11  Marauder  
  84  7:14  Marine  
  88  7:15  Medivac  
  88  7:18  Supply Depot x2  
  88  7:19  Marauder  
  91  7:25  Marauder, Marine x2  
  95  7:30  Supply Depot  
  95  7:31  SCV x2  
  95  7:32  Marauder  
  95  7:33  Supply Depot  
Show
View Real Time Build Order
Export as new Build Order

HuShang Protoss 

Build Orders: Blink Stalkers 

Get SALT Encoding   

  12  0:01  Probe  
  13  0:14  Pylon  
  13  0:17  Probe  
  14  0:32  Probe (Chrono Boost)  
  15  0:36  Gateway  
  15  0:45  Probe (Chrono Boost), Assimilator  
  16  0:52  Probe (Chrono Boost)  
  17  1:02  Probe (Chrono Boost)  
  18  1:14  Probe (Chrono Boost)  
  19  1:21  Probe (Chrono Boost)  
  19  1:24  Pylon  
  20  1:30  Cybernetics Core  
  20  1:31  Probe  
  21  1:43  Probe (Chrono Boost)  
  23  1:55  Probe (Chrono Boost), Nexus  
  24  2:06  Mothership Core (Chrono Boost)  
  25  2:09  Assimilator  
  25  2:13  Warp Gate  
  25  2:28  Probe (Chrono Boost)  
  26  2:32  Stalker  
  26  2:35  Probe (Chrono Boost)  
  28  2:45  Probe  
  28  2:47  Pylon  
  29  2:57  Probe (Chrono Boost)  
  27  3:05  Stalker  
  30  3:06  Twilight Council  
  30  3:07  Probe (Chrono Boost)  
  30  3:11  Probe (Chrono Boost)  
  34  3:14  Probe  
  35  3:21  Probe  
  35  3:26  Probe  
  37  3:34  Gateway  
  37  3:35  Gateway  
  37  3:36  Robotics Facility  
  37  3:41  Stalker  
  37  3:46  Probe  
  37  3:47  Probe  
  41  3:58  Blink (Chrono Boost)  
  41  3:59  Probe  
  41  4:00  Probe  
  43  4:06  Pylon  
  43  4:11  Probe  
  43  4:12  Probe  
  41  4:27  Observer (Chrono Boost)  
  41  4:29  Probe x2  
  44  4:40  Stalker x3  
  44  4:41  Probe x2  
  49  4:46  Pylon  
  49  4:50  Warp Prism (Chrono Boost)  
  51  4:53  Probe (Chrono Boost)  
  51  4:54  Probe (Chrono Boost)  
  53  5:04  Probe (Chrono Boost)  
  53  5:05  Probe (Chrono Boost)  
  55  5:10  Stalker x2  
  55  5:13  Probe x2  
  53  5:31  Stalker  
  53  5:32  Probe x2  
  57  5:35  Forge  
  57  5:44  Probe x2 (Chrono Boost)  
  58  5:52  Observer (Chrono Boost)  
  58  5:56  Probe (Chrono Boost)  
  58  5:57  Probe (Chrono Boost)  
  61  6:01  Stalker  
  61  6:03  Probe (Chrono Boost)  
  65  6:04  Probe (Chrono Boost)  
  65  6:05  Assimilator x2  
  65  6:08  Pylon  
  65  6:09  Pylon  
  65  6:10  Pylon  
  65  6:14  Probe (Chrono Boost)  
  63  6:19  Probe (Chrono Boost)  
  63  6:22  Probe (Chrono Boost)  
  64  6:26  Probe  
  64  6:32  Probe (Chrono Boost)  
  66  6:38  Probe (Chrono Boost)  
  67  6:44  Probe (Chrono Boost), Nexus  
  67  6:45  Robotics Bay  
  69  6:48  Probe (Chrono Boost)  
  69  6:51  Probe (Chrono Boost)  
  70  6:54  Pylon  
  70  6:55  Probe  
  71  7:01  Probe  
  71  7:07  Probe, Photon Cannon  
  73  7:09  Zealot  
  73  7:10  Zealot  
  73  7:13  Probe  
  78  7:19  Probe  
  77  7:25  Probe  
  77  7:27  Sentry  
  85  7:37  Probe x2  
  85  7:42  Sentry x2  
  90  7:50  Gateway  
  90  7:51  Gateway  
  87  7:54  Gateway  

Tags
 
Add a new tag
Caveats
  • Supply blocks, unpowered buildings, or Contaminate may cause inaccurate times.
  • Supply counts are checked every 10 seconds.